AoeStats
← MEBIUS

Arena

509559812Analyzed
1v1 RM · 6d ago on Sep 27, 2026· 66m 56s· 2 players
Game mode
Random Map
Map size
Tiny (2 player)
Population
200
Speed
Normal
Resources
Standard
Victory
Conquest
Starting age
Dark Age
Ending age
Imperial Age
RankedLock teamsTeams togetherTeam positionsShared explorationLock speedFull tech treeHidden civsTurbo modeCheats
Victory
Defeat
🇫🇷 Saracens · France
842
+16
🇨🇳 Teutons · China
838
-16
MEBIUS
11:52 Feudal Age
13:19 Double-Bit Axe
16:21 Castle Age
17:33 Bow Saw
18:10 Gold Mining
18:19 Stone Mining
19:50 Horse Collar
21:26 Heavy Plow
24:13 Stone Shaft Mining
25:31 Wheelbarrow
29:36 Imperial Age
27:47 Hand Cart
27:45 Fletching
28:46 Ballistics
28:29 Town Watch
29:41 Masonry
31:20 Chemistry
30:18 Bodkin Arrow
31:37 Conscription
32:33 Crenellations
33:51 Hoardings
33:39 Town Patrol
35:30 Elite Teutonic Knight
36:24 Forging
36:15 Scale Mail Armor
37:57 Capped Ram
40:19 Iron Casting
39:59 Chain Mail Armor
41:16 Bloodlines
43:05 Blast Furnace
42:35 Plate Mail Armor
43:16 Cavalier
47:03 Scale Barding Armor
46:31 Paladin
48:30 Chain Barding Armor
57:48 Onager
62:06 Pikeman
62:46 Squires
64:01 Halberdier
Kaeltaris
8:05 Loom
11:36 Feudal Age
13:05 Stone Mining
15:51 Castle Age
14:03 Double-Bit Axe
14:00 Horse Collar
15:05 Town Watch
18:12 Bow Saw
18:56 Heavy Plow
19:31 Gold Mining
22:43 Fervor
23:09 Sanctity
23:23 Scale Barding Armor
24:40 Gold Mining
26:05 Chain Barding Armor
27:01 Wheelbarrow
27:52 Gold Shaft Mining
31:21 Imperial Age
29:52 Forging
29:52 Stone Mining
33:38 Chemistry
32:58 Bimaristan
33:10 Conscription
34:59 Two-Man Saw
34:54 Bloodlines
34:45 Husbandry
36:27 Hand Cart
36:46 Padded Archer Armor
38:40 Plate Barding Armor
38:24 Leather Archer Armor
37:54 Heavy Camel Rider
41:30 Ring Archer Armor
42:18 Iron Casting
42:46 Siege Engineers
42:30 Onager
45:06 Blast Furnace
43:57 Fletching
44:08 Scale Mail Armor
44:17 Murder Holes
45:01 Devotion
45:42 Fortified Wall
47:14 Bodkin Arrow
47:41 Chain Mail Armor
49:14 Bracer
49:44 Plate Mail Armor
49:37 Ballistics
49:28 Masonry
49:59 Town Patrol
50:06 Guard Tower
50:01 Arrowslits
51:35 Conscription
52:12 Siege Onager
59:50 Keep
67:45 Counterweights
Connection lost

Rejoining the realm…

Still unreachable

The connection could not be restored.

Session expired

The server has moved on; the page needs a fresh start.